Workbook

Sheet Transactions
A1: Transaction No | B1: Date | C1: Department | D1: Category | E1: Customer | F1: Notes | G1: Amount | H1: Status | I1: Quarter | J1: Budget
A2: TXN-0002 | B2: 46058 | C2: Operations | D2: Travel | E2: AdWorks | F2: Business travel expense | G2: 2383 | H2: Paid | I2: Q1 | J2: 2309
A3: TXN-0003 | B3: 46131 | C3: Sales | D3: Travel | E3: CloudSoft | F3: Business travel expense | G3: 533 | H3: Paid | I3: Q2 | J3: 591
A4: TXN-0004 | B4: 46152 | C4: IT | D4: Travel | E4: Payroll | F4: Business travel expense | G4: 2448 | H4: Paid | I4: Q2 | J4: 2508
A5: TXN-0005 | B5: 46189 | C5: Operations | D5: Marketing | E5: PowerGrid | F5: Marketing campaign | G5: 7673 | H5: Paid | I5: Q2 | J5: 7453
A6: TXN-0006 | B6: 46173 | C6: Finance | D6: Travel | E6: OfficeMart | F6: Business travel expense | G6: 803 | H6: Pending | I6: Q2 | J6: 829
A7: TXN-0007 | B7: 46094 | C7: Marketing | D7: Utilities | E7: ABC Travel | F7: Monthly utility bill | G7: 1678 | H7: Paid | I7: Q1 | J7: 1459
A8: TXN-0008 | B8: 46120 | C8: Sales | D8: Software | E8: ABC Travel | F8: Software subscription | G8: 1608 | H8: Paid | I8: Q2 | J8: 1857
A9: TXN-0009 | B9: 46140 | C9: IT | D9: Travel | E9: AdWorks | F9: Business travel expense | G9: 1700 | H9: Paid | I9: Q2 | J9: 1598
A10: TXN-0010 | B10: 46098 | C10: Operations | D10: Marketing | E10: Payroll | F10: Marketing campaign | G10: 6725 | H10: Paid | I10: Q1 | J10: 6286
A11: TXN-0011 | B11: 46040 | C11: Sales | D11: Office Supplies | E11: ABC Travel | F11: Office supplies purchase | G11: 516 | H11: Paid | I11: Q1 | J11: 593
A12: TXN-0012 | B12: 46082 | C12: Sales | D12: Payroll | E12: Payroll | F12: Employee payroll cost | G12: 9054 | H12: Pending | I12: Q1 | J12: 8721
A13: TXN-0013 | B13: 46116 | C13: Marketing | D13: Software | E13: Payroll | F13: Software subscription | G13: 1655 | H13: Paid | I13: Q2 | J13: 1682
... A100: TXN-0100 | B100: 46144 | C100: HR | D100: Software | E100: AdWorks | F100: Software subscription | G100: 1212 | H100: Paid | I100: Q2 | J100: 1249

Sheet Budget vs Acutal
A1: Expense Budget Comparison
A2: Categories where total actual spending exceeds total budget
A4: Category | B4: Actual Expenses | C4: Budgeted Expenses | D4: Over Budget | E4: Variance %
A5: Payroll | B5: =SUMIF(Transactions!$D$2:$D$100,A5,Transactions!$G$2:$G$100) -> 238592 | C5: =SUMIF(Transactions!$D$2:$D$100,A5,Transactions!$J$2:$J$100) -> 235891 | D5: =B5-C5 -> 2701 | E5: =IFERROR(D5/C5,0) -> 0.011450204
A6: Software | B6: =SUMIF(Transactions!$D$2:$D$100,A6,Transactions!$G$2:$G$100) -> 33174 | C6: =SUMIF(Transactions!$D$2:$D$100,A6,Transactions!$J$2:$J$100) -> 31902 | D6: =B6-C6 -> 1272 | E6: =IFERROR(D6/C6,0) -> 0.039872108
A7: Office Supplies | B7: =SUMIF(Transactions!$D$2:$D$100,A7,Transactions!$G$2:$G$100) -> 13165 | C7: =SUMIF(Transactions!$D$2:$D$100,A7,Transactions!$J$2:$J$100) -> 12592 | D7: =B7-C7 -> 573 | E7: =IFERROR(D7/C7,0) -> 0.045505083
A8: Utilities | B8: =SUMIF(Transactions!$D$2:$D$100,A8,Transactions!$G$2:$G$100) -> 19227 | C8: =SUMIF(Transactions!$D$2:$D$100,A8,Transactions!$J$2:$J$100) -> 18863 | D8: =B8-C8 -> 364 | E8: =IFERROR(D8/C8,0) -> 0.019297037

Sheet Monthly Revenue
A1: Monthly Revenue Trend
A2: Amount is treated as revenue, covering all 99 transactions
A4: Total Revenue | C4: Peak Month Revenue | E4: Average per Month | G4: First-to-Last Growth
A5: =SUM(B9:B14) -> 443265 | C5: =MAX(B9:B14) -> 182489 | E5: =AVERAGE(B9:B14) -> 73877.5 | G5: =IFERROR(B14/B9-1,0) -> -0.74198445
A8: Month | B8: Revenue | C8: MoM Change | D8: Trend
A9: 46023 | B9: =SUMIFS(Transactions!$G$2:$G$100,Transactions!$B$2:$B$100,">="&A9,Transactions!$B$2:$B$100,"<"&EDATE(A9,1)) -> 182489 | D9: Baseline
A10: 46054 | B10: =SUMIFS(Transactions!$G$2:$G$100,Transactions!$B$2:$B$100,">="&A10,Transactions!$B$2:$B$100,"<"&EDATE(A10,1)) -> 38138 | C10: =IFERROR(B10/B9-1,0) -> -0.79101206 | D10: =IF(C10>0,"Growth",IF(C10<0,"Decline","Flat")) -> Decline
A11: 46082 | B11: =SUMIFS(Transactions!$G$2:$G$100,Transactions!$B$2:$B$100,">="&A11,Transactions!$B$2:$B$100,"<"&EDATE(A11,1)) -> 62419 | C11: =IFERROR(B11/B10-1,0) -> 0.6366616 | D11: =IF(C11>0,"Growth",IF(C11<0,"Decline","Flat")) -> Growth
A12: 46113 | B12: =SUMIFS(Transactions!$G$2:$G$100,Transactions!$B$2:$B$100,">="&A12,Transactions!$B$2:$B$100,"<"&EDATE(A12,1)) -> 61049 | C12: =IFERROR(B12/B11-1,0) -> -0.021948445 | D12: =IF(C12>0,"Growth",IF(C12<0,"Decline","Flat")) -> Decline
A13: 46143 | B13: =SUMIFS(Transactions!$G$2:$G$100,Transactions!$B$2:$B$100,">="&A13,Transactions!$B$2:$B$100,"<"&EDATE(A13,1)) -> 52085 | C13: =IFERROR(B13/B12-1,0) -> -0.14683287 | D13: =IF(C13>0,"Growth",IF(C13<0,"Decline","Flat")) -> Decline
A14: 46174 | B14: =SUMIFS(Transactions!$G$2:$G$100,Transactions!$B$2:$B$100,">="&A14,Transactions!$B$2:$B$100,"<"&EDATE(A14,1)) -> 47085 | C14: =IFERROR(B14/B13-1,0) -> -0.095996928 | D14: =IF(C14>0,"Growth",IF(C14<0,"Decline","Flat")) -> Decline

Sheet Outstanding Balances
A1: Outstanding Balances by Customer
A2: Overdue proxy: all transactions with Status = Pending
A4: Total Outstanding | C4: Overdue Transactions
A5: =SUMIF(Transactions!$H$2:$H$100,"Pending",Transactions!$G$2:$G$100) -> 158674 | C5: =COUNTIF(Transactions!$H$2:$H$100,"Pending") -> 26
A8: Customer | B8: Outstanding Balance | C8: Overdue Transactions
A9: ABC Travel | B9: =SUMIFS(Transactions!$G$2:$G$100,Transactions!$E$2:$E$100,A9,Transactions!$H$2:$H$100,"Pending") -> 10478 | C9: =COUNTIFS(Transactions!$E$2:$E$100,A9,Transactions!$H$2:$H$100,"Pending") -> 4
A10: AdWorks | B10: =SUMIFS(Transactions!$G$2:$G$100,Transactions!$E$2:$E$100,A10,Transactions!$H$2:$H$100,"Pending") -> 91160 | C10: =COUNTIFS(Transactions!$E$2:$E$100,A10,Transactions!$H$2:$H$100,"Pending") -> 8
A11: CloudSoft | B11: =SUMIFS(Transactions!$G$2:$G$100,Transactions!$E$2:$E$100,A11,Transactions!$H$2:$H$100,"Pending") -> 7163 | C11: =COUNTIFS(Transactions!$E$2:$E$100,A11,Transactions!$H$2:$H$100,"Pending") -> 3
A12: OfficeMart | B12: =SUMIFS(Transactions!$G$2:$G$100,Transactions!$E$2:$E$100,A12,Transactions!$H$2:$H$100,"Pending") -> 2061 | C12: =COUNTIFS(Transactions!$E$2:$E$100,A12,Transactions!$H$2:$H$100,"Pending") -> 3
A13: Payroll | B13: =SUMIFS(Transactions!$G$2:$G$100,Transactions!$E$2:$E$100,A13,Transactions!$H$2:$H$100,"Pending") -> 40653 | C13: =COUNTIFS(Transactions!$E$2:$E$100,A13,Transactions!$H$2:$H$100,"Pending") -> 5
A14: PowerGrid | B14: =SUMIFS(Transactions!$G$2:$G$100,Transactions!$E$2:$E$100,A14,Transactions!$H$2:$H$100,"Pending") -> 7159 | C14: =COUNTIFS(Transactions!$E$2:$E$100,A14,Transactions!$H$2:$H$100,"Pending") -> 3

Sheet Monthly Cash Position
A1: Monthly Cash Position
A2: Cash Flow Type was assigned randomly for analysis across all 99 transactions
A4: Total Inflows | C4: Total Outflows | E4: Net Cash Flow | G4: Ending Cash Position
A5: =SUM(B8:B13) -> #REF! | C5: =SUM(C8:C13) -> #REF! | E5: =SUM(D8:D13) -> #REF! | G5: =E13 -> #REF!
A7: Month | B7: Cash Inflows | C7: Cash Outflows | D7: Net Cash Flow | E7: Cumulative Cash Position
A8: 46023 | B8: =SUMIFS(Transactions!$G$2:$G$100,Transactions!$B$2:$B$100,">="&A8,Transactions!$B$2:$B$100,"<"&EDATE(A8,1),Transactions!#REF!,"Inflow") -> #REF! | C8: =SUMIFS(Transactions!$G$2:$G$100,Transactions!$B$2:$B$100,">="&A8,Transactions!$B$2:$B$100,"<"&EDATE(A8,1),Transactions!#REF!,"Outflow") -> #REF! | D8: =B8-C8 -> #REF! | E8: =D8 -> #REF!
A9: 46054 | B9: =SUMIFS(Transactions!$G$2:$G$100,Transactions!$B$2:$B$100,">="&A9,Transactions!$B$2:$B$100,"<"&EDATE(A9,1),Transactions!#REF!,"Inflow") -> #REF! | C9: =SUMIFS(Transactions!$G$2:$G$100,Transactions!$B$2:$B$100,">="&A9,Transactions!$B$2:$B$100,"<"&EDATE(A9,1),Transactions!#REF!,"Outflow") -> #REF! | D9: =B9-C9 -> #REF! | E9: =E8+D9 -> #REF!
A10: 46082 | B10: =SUMIFS(Transactions!$G$2:$G$100,Transactions!$B$2:$B$100,">="&A10,Transactions!$B$2:$B$100,"<"&EDATE(A10,1),Transactions!#REF!,"Inflow") -> #REF! | C10: =SUMIFS(Transactions!$G$2:$G$100,Transactions!$B$2:$B$100,">="&A10,Transactions!$B$2:$B$100,"<"&EDATE(A10,1),Transactions!#REF!,"Outflow") -> #REF! | D10: =B10-C10 -> #REF! | E10: =E9+D10 -> #REF!
A11: 46113 | B11: =SUMIFS(Transactions!$G$2:$G$100,Transactions!$B$2:$B$100,">="&A11,Transactions!$B$2:$B$100,"<"&EDATE(A11,1),Transactions!#REF!,"Inflow") -> #REF! | C11: =SUMIFS(Transactions!$G$2:$G$100,Transactions!$B$2:$B$100,">="&A11,Transactions!$B$2:$B$100,"<"&EDATE(A11,1),Transactions!#REF!,"Outflow") -> #REF! | D11: =B11-C11 -> #REF! | E11: =E10+D11 -> #REF!
A12: 46143 | B12: =SUMIFS(Transactions!$G$2:$G$100,Transactions!$B$2:$B$100,">="&A12,Transactions!$B$2:$B$100,"<"&EDATE(A12,1),Transactions!#REF!,"Inflow") -> #REF! | C12: =SUMIFS(Transactions!$G$2:$G$100,Transactions!$B$2:$B$100,">="&A12,Transactions!$B$2:$B$100,"<"&EDATE(A12,1),Transactions!#REF!,"Outflow") -> #REF! | D12: =B12-C12 -> #REF! | E12: =E11+D12 -> #REF!
A13: 46174 | B13: =SUMIFS(Transactions!$G$2:$G$100,Transactions!$B$2:$B$100,">="&A13,Transactions!$B$2:$B$100,"<"&EDATE(A13,1),Transactions!#REF!,"Inflow") -> #REF! | C13: =SUMIFS(Transactions!$G$2:$G$100,Transactions!$B$2:$B$100,">="&A13,Transactions!$B$2:$B$100,"<"&EDATE(A13,1),Transactions!#REF!,"Outflow") -> #REF! | D13: =B13-C13 -> #REF! | E13: =E12+D13 -> #REF!

Sheet Revenue Forecast
A1: Six-Month Revenue Forecast
A2: Linear trend forecast based on historical monthly revenue from Monthly Revenue
A4: Historical Revenue | C4: Forecast Revenue | E4: Forecast Period Total
A5: =SUM(B9:B14) -> 443265 | C5: =SUM(C15:C20) -> 10222.6 | E5: =C5/A5-1 -> -0.97693795
A8: Month | B8: Actual Revenue | C8: Forecast Revenue | D8: Period
A9: ='Monthly Revenue'!A9 -> 46023 | B9: ='Monthly Revenue'!B9 -> 182489 | D9: Historical | F9: 1
A10: ='Monthly Revenue'!A10 -> 46054 | B10: ='Monthly Revenue'!B10 -> 38138 | D10: Historical | F10: 2
A11: ='Monthly Revenue'!A11 -> 46082 | B11: ='Monthly Revenue'!B11 -> 62419 | D11: Historical | F11: 3
A12: ='Monthly Revenue'!A12 -> 46113 | B12: ='Monthly Revenue'!B12 -> 61049 | D12: Historical | F12: 4
A13: ='Monthly Revenue'!A13 -> 46143 | B13: ='Monthly Revenue'!B13 -> 52085 | D13: Historical | F13: 5
A14: ='Monthly Revenue'!A14 -> 46174 | B14: ='Monthly Revenue'!B14 -> 47085 | D14: Historical | F14: 6
A15: =EDATE(A14,1) -> 46204 | C15: =MAX(0,_xlfn.FORECAST.LINEAR(F15,$B$9:$B$14,$F$9:$F$14)) -> 10222.6 | D15: Forecast | F15: 7
A16: =EDATE(A15,1) -> 46235 | C16: =MAX(0,_xlfn.FORECAST.LINEAR(F16,$B$9:$B$14,$F$9:$F$14)) -> 0 | D16: Forecast | F16: 8
A17: =EDATE(A16,1) -> 46266 | C17: =MAX(0,_xlfn.FORECAST.LINEAR(F17,$B$9:$B$14,$F$9:$F$14)) -> 0 | D17: Forecast | F17: 9
A18: =EDATE(A17,1) -> 46296 | C18: =MAX(0,_xlfn.FORECAST.LINEAR(F18,$B$9:$B$14,$F$9:$F$14)) -> 0 | D18: Forecast | F18: 10
A19: =EDATE(A18,1) -> 46327 | C19: =MAX(0,_xlfn.FORECAST.LINEAR(F19,$B$9:$B$14,$F$9:$F$14)) -> 0 | D19: Forecast | F19: 11
A20: =EDATE(A19,1) -> 46357 | C20: =MAX(0,_xlfn.FORECAST.LINEAR(F20,$B$9:$B$14,$F$9:$F$14)) -> 0 | D20: Forecast | F20: 12

Sheet Unusual Transactions
A1: Unusual High-Value Transactions
A2: Definition: Amount > average + 2 sample standard deviations
A4: Average Amount | C4: Std. Deviation | E4: Outlier Threshold | G4: Transactions Flagged
A5: =AVERAGE(Transactions!$G$2:$G$100) -> 4477.4242 | C5: =_xlfn.STDEV.S(Transactions!$G$2:$G$100) -> 8334.1731 | E5: =A5+2*C5 -> 21145.771 | G5: =COUNTIF(Transactions!$G$2:$G$100,">"&E5) -> 2
A8: Transaction No | B8: Date | C8: Department | D8: Category | E8: Customer | F8: Amount | G8: Status | H8: Above Threshold
A9: TXN-0023 | B9: 46039 | C9: HR | D9: Payroll | E9: AdWorks | F9: 71315 | G9: Pending | H9: 50169.229
A10: TXN-0091 | B10: 46044 | C10: Finance | D10: Marketing | E10: CloudSoft | F10: 31455 | G10: Paid | H10: 10309.229

Sheet Product Profitability
A1: Product Profitability Ranking
A2: Product = Customer | Revenue = Amount | Cost = Budget | Ranked by profit margin
A4: Total Revenue | C4: Total Cost | E4: Total Profit | G4: Products Ranked
A5: =SUM(Transactions!$G$2:$G$100) -> 443265 | C5: =SUM(Transactions!$J$2:$J$100) -> 439613 | E5: =A5-C5 -> 3652 | G5: =COUNTA(A9:A14) -> 6
A8: Rank | B8: Product | C8: Revenue | D8: Cost | E8: Profit | F8: Profit Margin
A9: =_xlfn.RANK.EQ(F9,$F$9:$F$14,0) -> 1 | B9: CloudSoft | C9: =SUMIF(Transactions!$E$2:$E$100,B9,Transactions!$G$2:$G$100) -> 70469 | D9: =SUMIF(Transactions!$E$2:$E$100,B9,Transactions!$J$2:$J$100) -> 64550 | E9: =C9-D9 -> 5919 | F9: =IFERROR(E9/C9,0) -> 0.083994381
A10: =_xlfn.RANK.EQ(F10,$F$9:$F$14,0) -> 2 | B10: OfficeMart | C10: =SUMIF(Transactions!$E$2:$E$100,B10,Transactions!$G$2:$G$100) -> 22892 | D10: =SUMIF(Transactions!$E$2:$E$100,B10,Transactions!$J$2:$J$100) -> 21604 | E10: =C10-D10 -> 1288 | F10: =IFERROR(E10/C10,0) -> 0.056264197
A11: =_xlfn.RANK.EQ(F11,$F$9:$F$14,0) -> 3 | B11: PowerGrid | C11: =SUMIF(Transactions!$E$2:$E$100,B11,Transactions!$G$2:$G$100) -> 46980 | D11: =SUMIF(Transactions!$E$2:$E$100,B11,Transactions!$J$2:$J$100) -> 45648 | E11: =C11-D11 -> 1332 | F11: =IFERROR(E11/C11,0) -> 0.02835249
A12: =_xlfn.RANK.EQ(F12,$F$9:$F$14,0) -> 4 | B12: AdWorks | C12: =SUMIF(Transactions!$E$2:$E$100,B12,Transactions!$G$2:$G$100) -> 119113 | D12: =SUMIF(Transactions!$E$2:$E$100,B12,Transactions!$J$2:$J$100) -> 117085 | E12: =C12-D12 -> 2028 | F12: =IFERROR(E12/C12,0) -> 0.017025849
A13: =_xlfn.RANK.EQ(F13,$F$9:$F$14,0) -> 5 | B13: Payroll | C13: =SUMIF(Transactions!$E$2:$E$100,B13,Transactions!$G$2:$G$100) -> 105238 | D13: =SUMIF(Transactions!$E$2:$E$100,B13,Transactions!$J$2:$J$100) -> 107159 | E13: =C13-D13 -> -1921 | F13: =IFERROR(E13/C13,0) -> -0.018253863
A14: =_xlfn.RANK.EQ(F14,$F$9:$F$14,0) -> 6 | B14: ABC Travel | C14: =SUMIF(Transactions!$E$2:$E$100,B14,Transactions!$G$2:$G$100) -> 78573 | D14: =SUMIF(Transactions!$E$2:$E$100,B14,Transactions!$J$2:$J$100) -> 83567 | E14: =C14-D14 -> -4994 | F14: =IFERROR(E14/C14,0) -> -0.063558729

Sheet Quarterly Variance
A1: Department Expense Variance by Quarter
A2: Current quarter: Q2 | Previous quarter: Q1 | Ranked by absolute variance
A4: Q1 Expenses | C4: Q2 Expenses | E4: Net Variance | G4: Largest Variance Dept.
A5: =SUMIF(Transactions!$I$2:$I$100,"Q1",Transactions!$G$2:$G$100) -> 283046 | C5: =SUMIF(Transactions!$I$2:$I$100,"Q2",Transactions!$G$2:$G$100) -> 160219 | E5: =C5-A5 -> -122827 | G5: =INDEX(B9:B14,MATCH(MAX(F9:F14),F9:F14,0)) -> HR
A8: Rank | B8: Department | C8: Q1 Expenses | D8: Q2 Expenses | E8: Variance | F8: Absolute Variance | G8: Variance %
A9: =_xlfn.RANK.EQ(F9,$F$9:$F$14,0) -> 1 | B9: HR | C9: =SUMIFS(Transactions!$G$2:$G$100,Transactions!$C$2:$C$100,B9,Transactions!$I$2:$I$100,"Q1") -> 82251 | D9: =SUMIFS(Transactions!$G$2:$G$100,Transactions!$C$2:$C$100,B9,Transactions!$I$2:$I$100,"Q2") -> 20230 | E9: =D9-C9 -> -62021 | F9: =ABS(E9) -> 62021 | G9: =IFERROR(E9/C9,0) -> -0.75404554
A10: =_xlfn.RANK.EQ(F10,$F$9:$F$14,0) -> 2 | B10: Sales | C10: =SUMIFS(Transactions!$G$2:$G$100,Transactions!$C$2:$C$100,B10,Transactions!$I$2:$I$100,"Q1") -> 50748 | D10: =SUMIFS(Transactions!$G$2:$G$100,Transactions!$C$2:$C$100,B10,Transactions!$I$2:$I$100,"Q2") -> 12278 | E10: =D10-C10 -> -38470 | F10: =ABS(E10) -> 38470 | G10: =IFERROR(E10/C10,0) -> -0.75805943
A11: =_xlfn.RANK.EQ(F11,$F$9:$F$14,0) -> 3 | B11: IT | C11: =SUMIFS(Transactions!$G$2:$G$100,Transactions!$C$2:$C$100,B11,Transactions!$I$2:$I$100,"Q1") -> 13123 | D11: =SUMIFS(Transactions!$G$2:$G$100,Transactions!$C$2:$C$100,B11,Transactions!$I$2:$I$100,"Q2") -> 33478 | E11: =D11-C11 -> 20355 | F11: =ABS(E11) -> 20355 | G11: =IFERROR(E11/C11,0) -> 1.5510935
A12: =_xlfn.RANK.EQ(F12,$F$9:$F$14,0) -> 4 | B12: Finance | C12: =SUMIFS(Transactions!$G$2:$G$100,Transactions!$C$2:$C$100,B12,Transactions!$I$2:$I$100,"Q1") -> 56416 | D12: =SUMIFS(Transactions!$G$2:$G$100,Transactions!$C$2:$C$100,B12,Transactions!$I$2:$I$100,"Q2") -> 40224 | E12: =D12-C12 -> -16192 | F12: =ABS(E12) -> 16192 | G12: =IFERROR(E12/C12,0) -> -0.28701078
A13: =_xlfn.RANK.EQ(F13,$F$9:$F$14,0) -> 5 | B13: Marketing | C13: =SUMIFS(Transactions!$G$2:$G$100,Transactions!$C$2:$C$100,B13,Transactions!$I$2:$I$100,"Q1") -> 50272 | D13: =SUMIFS(Transactions!$G$2:$G$100,Transactions!$C$2:$C$100,B13,Transactions!$I$2:$I$100,"Q2") -> 34842 | E13: =D13-C13 -> -15430 | F13: =ABS(E13) -> 15430 | G13: =IFERROR(E13/C13,0) -> -0.3069303
A14: =_xlfn.RANK.EQ(F14,$F$9:$F$14,0) -> 6 | B14: Operations | C14: =SUMIFS(Transactions!$G$2:$G$100,Transactions!$C$2:$C$100,B14,Transactions!$I$2:$I$100,"Q1") -> 30236 | D14: =SUMIFS(Transactions!$G$2:$G$100,Transactions!$C$2:$C$100,B14,Transactions!$I$2:$I$100,"Q2") -> 19167 | E14: =D14-C14 -> -11069 | F14: =ABS(E14) -> 11069 | G14: =IFERROR(E14/C14,0) -> -0.36608678

Sheet Financial Dashboard
A1: Expense & Budget Dashboard
A2: Actual expenses and budget variances across all 99 transactions | Revenue and profit unavailable in source data
A4: Actual Expenses | D4: Budgeted Expenses | G4: Net Variance | J4: Variance % | M4: Categories Over Budget
A5: =SUM(Transactions!$G$2:$G$100) -> 443265 | D5: =SUM(Transactions!$J$2:$J$100) -> 439613 | G5: =A5-D5 -> 3652 | J5: =IFERROR(G5/D5,0) -> 0.0083073067 | M5: =COUNTIF(D10:D15,">0") -> 4
A9: Category | B9: Actual Expenses | C9: Budget | D9: Variance | E9: Variance %
A10: Marketing | B10: =SUMIF(Transactions!$D$2:$D$100,A10,Transactions!$G$2:$G$100) -> 115829 | C10: =SUMIF(Transactions!$D$2:$D$100,A10,Transactions!$J$2:$J$100) -> 116465 | D10: =B10-C10 -> -636 | E10: =IFERROR(D10/C10,0) -> -0.0054608681
A11: Office Supplies | B11: =SUMIF(Transactions!$D$2:$D$100,A11,Transactions!$G$2:$G$100) -> 13165 | C11: =SUMIF(Transactions!$D$2:$D$100,A11,Transactions!$J$2:$J$100) -> 12592 | D11: =B11-C11 -> 573 | E11: =IFERROR(D11/C11,0) -> 0.045505083
A12: Payroll | B12: =SUMIF(Transactions!$D$2:$D$100,A12,Transactions!$G$2:$G$100) -> 238592 | C12: =SUMIF(Transactions!$D$2:$D$100,A12,Transactions!$J$2:$J$100) -> 235891 | D12: =B12-C12 -> 2701 | E12: =IFERROR(D12/C12,0) -> 0.011450204
A13: Software | B13: =SUMIF(Transactions!$D$2:$D$100,A13,Transactions!$G$2:$G$100) -> 33174 | C13: =SUMIF(Transactions!$D$2:$D$100,A13,Transactions!$J$2:$J$100) -> 31902 | D13: =B13-C13 -> 1272 | E13: =IFERROR(D13/C13,0) -> 0.039872108
A14: Travel | B14: =SUMIF(Transactions!$D$2:$D$100,A14,Transactions!$G$2:$G$100) -> 23278 | C14: =SUMIF(Transactions!$D$2:$D$100,A14,Transactions!$J$2:$J$100) -> 23900 | D14: =B14-C14 -> -622 | E14: =IFERROR(D14/C14,0) -> -0.026025105
A15: Utilities | B15: =SUMIF(Transactions!$D$2:$D$100,A15,Transactions!$G$2:$G$100) -> 19227 | C15: =SUMIF(Transactions!$D$2:$D$100,A15,Transactions!$J$2:$J$100) -> 18863 | D15: =B15-C15 -> 364 | E15: =IFERROR(D15/C15,0) -> 0.019297037
A19: Month | B19: Actual Expenses | C19: Budget | D19: Variance
A20: 46023 | B20: =SUMIFS(Transactions!$G$2:$G$100,Transactions!$B$2:$B$100,">="&A20,Transactions!$B$2:$B$100,"<"&EDATE(A20,1)) -> 182489 | C20: =SUMIFS(Transactions!$J$2:$J$100,Transactions!$B$2:$B$100,">="&A20,Transactions!$B$2:$B$100,"<"&EDATE(A20,1)) -> 173647 | D20: =B20-C20 -> 8842
A21: 46054 | B21: =SUMIFS(Transactions!$G$2:$G$100,Transactions!$B$2:$B$100,">="&A21,Transactions!$B$2:$B$100,"<"&EDATE(A21,1)) -> 38138 | C21: =SUMIFS(Transactions!$J$2:$J$100,Transactions!$B$2:$B$100,">="&A21,Transactions!$B$2:$B$100,"<"&EDATE(A21,1)) -> 40964 | D21: =B21-C21 -> -2826
A22: 46082 | B22: =SUMIFS(Transactions!$G$2:$G$100,Transactions!$B$2:$B$100,">="&A22,Transactions!$B$2:$B$100,"<"&EDATE(A22,1)) -> 62419 | C22: =SUMIFS(Transactions!$J$2:$J$100,Transactions!$B$2:$B$100,">="&A22,Transactions!$B$2:$B$100,"<"&EDATE(A22,1)) -> 66198 | D22: =B22-C22 -> -3779
A23: 46113 | B23: =SUMIFS(Transactions!$G$2:$G$100,Transactions!$B$2:$B$100,">="&A23,Transactions!$B$2:$B$100,"<"&EDATE(A23,1)) -> 61049 | C23: =SUMIFS(Transactions!$J$2:$J$100,Transactions!$B$2:$B$100,">="&A23,Transactions!$B$2:$B$100,"<"&EDATE(A23,1)) -> 60831 | D23: =B23-C23 -> 218
A24: 46143 | B24: =SUMIFS(Transactions!$G$2:$G$100,Transactions!$B$2:$B$100,">="&A24,Transactions!$B$2:$B$100,"<"&EDATE(A24,1)) -> 52085 | C24: =SUMIFS(Transactions!$J$2:$J$100,Transactions!$B$2:$B$100,">="&A24,Transactions!$B$2:$B$100,"<"&EDATE(A24,1)) -> 49896 | D24: =B24-C24 -> 2189
A25: 46174 | B25: =SUMIFS(Transactions!$G$2:$G$100,Transactions!$B$2:$B$100,">="&A25,Transactions!$B$2:$B$100,"<"&EDATE(A25,1)) -> 47085 | C25: =SUMIFS(Transactions!$J$2:$J$100,Transactions!$B$2:$B$100,">="&A25,Transactions!$B$2:$B$100,"<"&EDATE(A25,1)) -> 48077 | D25: =B25-C25 -> -992

Sheet Payroll Analysis
A1: Payroll Costs by Department
A2: Employee expenses are transactions where Category = Payroll
A4: Total Payroll Cost | C4: Payroll Transactions | E4: Highest-Cost Department | G4: Top Department Share
A5: =SUMIF(Transactions!$D$2:$D$100,"Payroll",Transactions!$G$2:$G$100) -> 238592 | C5: =COUNTIF(Transactions!$D$2:$D$100,"Payroll") -> 17 | E5: =INDEX(B9:B14,MATCH(MAX(C9:C14),C9:C14,0)) -> HR | G5: =IFERROR(MAX(C9:C14)/A5,0) -> 0.3324378
A8: Rank | B8: Department | C8: Payroll Cost | D8: Transactions | E8: Share of Payroll
A9: =_xlfn.RANK.EQ(C9,$C$9:$C$14,0) -> 1 | B9: HR | C9: =SUMIFS(Transactions!$G$2:$G$100,Transactions!$C$2:$C$100,B9,Transactions!$D$2:$D$100,"Payroll") -> 79317 | D9: =COUNTIFS(Transactions!$C$2:$C$100,B9,Transactions!$D$2:$D$100,"Payroll") -> 2 | E9: =IFERROR(C9/$A$5,0) -> 0.3324378
A10: =_xlfn.RANK.EQ(C10,$C$9:$C$14,0) -> 2 | B10: Marketing | C10: =SUMIFS(Transactions!$G$2:$G$100,Transactions!$C$2:$C$100,B10,Transactions!$D$2:$D$100,"Payroll") -> 59625 | D10: =COUNTIFS(Transactions!$C$2:$C$100,B10,Transactions!$D$2:$D$100,"Payroll") -> 6 | E10: =IFERROR(C10/$A$5,0) -> 0.2499036
A11: =_xlfn.RANK.EQ(C11,$C$9:$C$14,0) -> 3 | B11: Sales | C11: =SUMIFS(Transactions!$G$2:$G$100,Transactions!$C$2:$C$100,B11,Transactions!$D$2:$D$100,"Payroll") -> 46603 | D11: =COUNTIFS(Transactions!$C$2:$C$100,B11,Transactions!$D$2:$D$100,"Payroll") -> 4 | E11: =IFERROR(C11/$A$5,0) -> 0.19532507
A12: =_xlfn.RANK.EQ(C12,$C$9:$C$14,0) -> 4 | B12: Finance | C12: =SUMIFS(Transactions!$G$2:$G$100,Transactions!$C$2:$C$100,B12,Transactions!$D$2:$D$100,"Payroll") -> 36044 | D12: =COUNTIFS(Transactions!$C$2:$C$100,B12,Transactions!$D$2:$D$100,"Payroll") -> 3 | E12: =IFERROR(C12/$A$5,0) -> 0.15106961
A13: =_xlfn.RANK.EQ(C13,$C$9:$C$14,0) -> 5 | B13: Operations | C13: =SUMIFS(Transactions!$G$2:$G$100,Transactions!$C$2:$C$100,B13,Transactions!$D$2:$D$100,"Payroll") -> 9033 | D13: =COUNTIFS(Transactions!$C$2:$C$100,B13,Transactions!$D$2:$D$100,"Payroll") -> 1 | E13: =IFERROR(C13/$A$5,0) -> 0.03785961
A14: =_xlfn.RANK.EQ(C14,$C$9:$C$14,0) -> 6 | B14: IT | C14: =SUMIFS(Transactions!$G$2:$G$100,Transactions!$C$2:$C$100,B14,Transactions!$D$2:$D$100,"Payroll") -> 7970 | D14: =COUNTIFS(Transactions!$C$2:$C$100,B14,Transactions!$D$2:$D$100,"Payroll") -> 1 | E14: =IFERROR(C14/$A$5,0) -> 0.033404305
